 Dungeon Crawl Stone Soup version 0.15-a0-1004-gbf4e2e6 (console) character file.

76 Kellhus the Ruinous (level 4, 27/30 HPs)
             Began as a Demonspawn Wizard on May 25, 2014.
             Quit the game on Level 2 of the Dungeon.
             The game lasted 00:03:09 (2613 turns).

Kellhus the Ruinous (Demonspawn Wizard)             Turns: 2613, Time: 00:03:10

HP  27/30        AC  5     Str  7      XL: 4   Next: 12%
MP   9/9         EV 12     Int 20      God:
Gold 77          SH  0     Dex 12      Spells:  1 memorised,  8 levels left

rFire  . . .     SeeInvis .     (no weapon)
rCold  . . .     Clarity  .     a - +0 robe
rNeg   . . .     Conserve .     (no shield)
rPois  .         rCorr    .     b - +0 hat
rElec  .         rRot     .     (no cloak)
SustAb .         Spirit   .     (no gloves)
rMut   .         Warding  .     (no boots)
Gourm  .         Stasis   .     (no amulet)
MR     .....                    (no ring)
                                l - +2 ring of protection

@: not resistant to hostile enchantments, unstealthy
A: icy blue scales 1, conserve scrolls
a: no special abilities


You were on level 2 of the Dungeon.
You were hungry.

You visited 1 branch of the dungeon, and saw 2 of its levels.

You collected 77 gold pieces.

Inventory:

Armour
 a - a +0 robe (worn)
 b - a +0 hat (worn)
Comestibles
 d - a bread ration
 j - a meat ration
Scrolls
 f - a scroll of amnesia {unknown}
 g - 2 scrolls of remove curse {unknown}
 h - a scroll of identify {unknown}
 i - a scroll of teleportation {unknown}
 k - a scroll of fog {unknown}
Jewellery
 l - a +2 ring of protection (left hand)
Potions
 e - a potion of brilliance {unknown}
 m - a potion of curing {unknown}
 n - a potion of haste {unknown}
Books
 c - a book of Minor Magic

   Spells                             Type                      Level
   *Magic Dart                        Conjuration                  1
   Blink                              Translocation                2
   Call Imp                           Summoning                    2
   Repel Missiles                     Charms/Air                   2
   Slow                               Hexes                        2
   Conjure Flame                      Conjuration/Fire             3
   Mephitic Cloud                     Conjuration/Poison/Air       3


   Skills:
 - Level 1.7 Dodging
 - Level 1.7 Stealth
 - Level 3.0 Spellcasting
 + Level 4.0 Conjurations
   Level 1.0 Summonings
   Level 0.8 Translocations


You had 8 spell levels left.
You knew the following spells:

 Your Spells              Type           Power        Failure   Level  Hunger
a - Magic Dart            Conj           ###.         2%          1    None


Dungeon Overview and Level Annotations

Branches:
Dungeon (2/15)

Altars:


Innate Abilities, Weirdness & Mutations

You are partially covered in icy blue scales (AC +1).
You are very good at protecting items from fire.


Message History

Confirm with . or Enter, or press ? or * to list all spells.
Aiming: Magic Dart
Press: ? - help, Shift-Dir - straight line, f/p - adder
Aim: an adder (almost dead)
The magic dart hits the adder.
You kill the adder!
Your Conjurations skill increases to level 4!
You have reached level 4!
Your demonic ancestry asserts itself...
Icy blue scales grow over part of your body.
You feel agile.
You start resting.
You feel sick.
You feel sick. x5
You are no longer poisoned.
You start resting.
Your magical contamination has completely faded away.
You start resting.
Magic restored.
You start resting.
You are feeling hungry.
Are you sure you want to abandon this character and quit the game? (Confirm with "yes".)

#########..........#
........)..........#
.########..........#
#..........#
#..........#
#..[.......#
##.#########
#...##### ###...@.#
#########%###
............#
............#
.$..%..<...#
...(.......#
...........#
..........#
.........#


There were no monsters in sight!

Vanquished Creatures
  2 adders (D:2)
  A giant mite (D:2)
  A worm (D:2)
  2 giant geckos (D:2)
  A ball python (D:1)
  12 bats
  A giant cockroach (D:2)
  4 goblins
  4 hobgoblins
  9 kobolds
  A giant newt (D:1)
  5 rats
43 creatures vanquished.

Notes
Turn   | Place    | Note
--------------------------------------------------------------
     0 | D:1      | Kellhus, the Demonspawn Wizard, began the quest for the Orb.
     0 | D:1      | Reached XP level 1. HP: 13/13 MP: 4/4
   820 | D:1      | Gained mutation: You are very good at protecting items from fire. [demonic ancestry]
   820 | D:1      | Reached XP level 2. HP: 19/19 MP: 0/6
  1745 | D:2      | Reached XP level 3. HP: 24/24 MP: 4/7
  2444 | D:2      | Reached skill level 4 in Conjurations
  2444 | D:2      | Gained mutation: You are partially covered in icy blue scales (AC +1). [demonic ancestry]
  2444 | D:2      | Reached XP level 4. HP: 16/30 MP: 0/9
  2613 | D:2      | Quit the game

Action                   |  1- 3 |  4- 6 || total
-------------------------+-------+-------++-------
Melee: Unarmed           |    21 |       ||    21
 Cast: Magic Dart        |   123 |     1 ||   124
